 Dungeon Crawl Stone Soup version 0.19.0-2-gae57169 (webtiles) character file.

547683 GordonOverkill the Conqueror (level 26, -24/266 HPs)
             Began as a Hill Orc Fighter on Nov 7, 2016.
             Was the Champion of Okawaru.
             Killed from afar by a hellion (32 damage)
             ... with damnation
             ... summoned by Ofupid
             ... on level 2 of the Depths.
             The game lasted 02:39:23 (55422 turns).

GordonOverkill the Conqueror (Hill Orc Fighter)    Turns: 55422, Time: 02:39:23

Health: -24/266    AC: 39    Str: 25    XL:     26   Next: 20%
Magic:  28/28      EV: 17    Int: 12    God:    Okawaru [******]
Gold:   4035       SH: 27    Dex: 14    Spells: 4 memorised, 17 levels left

rFire  + + +     SeeInvis .     a - +7 broad axe (elec)
rCold  . . .     Gourm    .     Z - +8 fire dragon scales {Xtahua}
rNeg   + + +     Faith    .     q - +1 large shield {rC+}
rPois  +         Spirit   .     y - +2 helmet {Int+3}
rElec  +         Reflect  .     S - +2 cloak {rPois}
rCorr  .         Harm     .     V - +0 pair of gloves of Xiacradgh {*Contam rElec rN+++ MR+}
MR     +++..                    M - +2 pair of boots {Stlth+}
Stlth  +.........               X - amulet of regeneration
                                I - +3 ring of protection
                                l - ring of Wadaulot {*Drain rPois rF+ MR+ Int+3}

@: about to teleport, finesse, very slightly contaminated
A: blurry vision 1, dopey 1, low mp 1, weak 1, MP-powered wands
a: Heroism, Finesse, Renounce Religion
0: Orb of Zot
}: 3/15 runes: decaying, serpentine, silver


You were on level 2 of the Depths.
You worshipped Okawaru.
Okawaru was exalted by your worship.
You were near starving.

You visited 8 branches of the dungeon, and saw 46 of its levels.
You also visited: Labyrinth and Ossuary.

You collected 5665 gold pieces.
You spent 1630 gold pieces at shops.

Inventory:

Hand Weapons
 a - a +7 broad axe of electrocution (weapon)
 b - a +4 broad axe of chopping
 n - a +2 vampiric broad axe
Armour
 q - a +1 large shield of cold resistance (worn)
 y - a +2 helmet of intelligence (worn)
 M - a +2 pair of boots of stealth (worn)
 R - a +1 hat of see invisible
 S - a +2 cloak of poison resistance (worn)
 V - the +0 pair of gloves of Xiacradgh (worn) {*Contam rElec rN+++ MR+}
   (Okawaru gifted it to you on level 2 of the Lair of Beasts)

   It insulates you from electricity.
   It renders you almost immune to negative energy.
   It affects your resistance to hostile enchantments.
   It causes magical contamination when unequipped.
 W - a +2 shield of reflection
 Z - +8 fire dragon scales (worn) {Xtahua}
Jewellery
 l - the ring of Wadaulot (left hand) {*Drain rPois rF+ MR+ Int+3}
   (You found it on level 8 of the Dungeon)

   [ring of intelligence]

   It affects your intelligence (+3).
   It protects you from fire.
   It protects you from poison.
   It affects your resistance to hostile enchantments.
   It causes draining when unequipped.
 I - a +3 ring of protection (right hand)
 X - an amulet of regeneration (around neck)
Wands
 c - a wand of digging (10/24)
 e - a wand of iceblast (2/15)
 m - a wand of digging (6/24)
 o - a wand of lightning (9/15)
 t - a wand of disintegration (1/24)
 w - a wand of digging (6/24)
 C - a wand of teleportation (3/9)
 K - a wand of teleportation (4/9)
 L - a wand of iceblast (1/15)
 O - a wand of disintegration (5/24)
 U - a wand of lightning (6/15)
Scrolls
 d - 4 scrolls of fog
 g - 17 scrolls of remove curse
 i - a scroll of summoning
 j - 4 scrolls of teleportation
 p - a scroll of identify
 r - 4 scrolls of magic mapping
 z - a scroll of amnesia
 A - a scroll of blinking
 B - 5 scrolls of recharging
 Q - 13 scrolls of fear
Potions
 k - 4 potions of invisibility
 s - 6 potions of cancellation
 u - 6 potions of flight
 v - 11 potions of curing
 x - 5 potions of haste
 D - a potion of resistance
 F - 5 potions of lignification
 G - 7 potions of agility
 H - 3 potions of berserk rage
 J - 10 potions of might
Comestibles
 f - 19 bread rations
 h - 19 meat rations


   Skills:
 O Level 27 Fighting
 - Level 20.0 Axes
 - Level 20.1 Armour
 - Level 11.0 Dodging
 + Level 24.5 Shields
 - Level 6.6 Necromancy
 - Level 12.2 Invocations


You had 17 spell levels left.
You knew the following spells:

 Your Spells              Type           Power        Failure   Level  Hunger
a - Animate Skeleton      Necr           N/A          4%          1    ##.....
b - Regeneration          Chrm/Necr      #.........   58%         3    ####...
c - Blink                 Tloc           N/A          87%         2    ###....
d - Repel Missiles        Chrm/Air       #.....       87%         2    ###....


Dungeon Overview and Level Annotations

Branches:
Dungeon (15/15)            Temple (0/1) D:6            Lair (6/6) D:8
  Swamp (4/4) Lair:3        Snake (4/4) Lair:2        Slime (0/5) Lair:6
    Orc (2/2) D:9             Elf (0/3) Orc:2        Vaults (5/5) D:13
  Crypt (0/3) Vaults:3     Depths (5/5) D:15            Zot (5/5) Depths:5

Altars:
Ashenzari
Cheibriados
Dithmenos
Elyvilon
Hepliaklqana
Kikubaaqudgha
Makhleb
Nemelex Xobeh
Okawaru
Ru
Trog
Uskayaw
Vehumet
Xom
Zin
The Shining One
Beogh
Jiyva

Shops:
D:9 *   D:12 [   D:13 :   Orc:1 *   Orc:2 (*?*   Snake:2 !:=*   Snake:4 !
Vaults:2 [:(?=   Vaults:4 :

Portals:
Hell: Depths:1 Depths:2 Depths:3
Abyss: Depths:1

Annotations:
Depths:3 5 exclusions


Innate Abilities, Weirdness & Mutations

Scrolls take you a little longer to read.
You are dopey. (Int -2)
Your magical capacity is low. (-10% MP)
You are weak. (Str -2)
You expend magic power (3 MP) to strengthen your wands.


Message History

The purple very ugly thing completely misses you.
You block the purple very ugly thing's attack. x2
The Orb prevents control of your translocation!
You blink.
As you read the scroll of blinking, it crumbles to dust.
Unknown command.
You block the shadow demon's attack.
The purple very ugly thing basks in the mutagenic energy from its kin and changes!
The Brimstone Fiend calls on the powers of darkness!
The great orb of eyes convulses!
The fire giant convulses!
The purple very ugly thing convulses!
The yaktaur captain convulses!
Your body is wracked with pain!
* * * LOW HITPOINT WARNING * * *
The white very ugly thing convulses!
The purple very ugly thing convulses! x4
The ice dragon convulses!
You block the ice devil's attack.
Ofupid gestures.
Unknown command.
The hellion gestures at you.
The sphere of damnation explodes!
The damnation engulfs you!
You die...

...'....#.....#.....
...###..##...##....
#...#####..'##
#............#
#.....&......#
#............#
#............####.#
###+#######......"#
#@#######...#####
###.##....'...#
#...4&2.###...##
#.#23cC.1.........
#.##u.uuuu........ #
#..Du2..........
..'...............
###...............
........####.....


You could see 3 very ugly things, an ice dragon, a yaktaur captain, a soul
eater, an ice devil and a hellion.

Vanquished Creatures
  An ancient lich (Zot:5)
  Mara (Swamp:3)
  6 orbs of fire (Zot:5)
  Sojobo (Depths:2)
  Bai Suzhen (Vaults:2)
  A shard shrike (Zot:3)
  A curse toe (Zot:3)
  Margery (Vaults:3)
  A caustic shrike (shapeshifter) (Vaults:5)
  A Killer Klown (Zot:5)
  Xtahua (Depths:3)
  Nikola (Swamp:4)
  2 golden dragons
  the Enchantress (Depths:1)
  A profane servitor (Zot:4)
  2 bone dragons
  Jorgrun (Vaults:3)
  3 electric golems (Zot:5)
  A hellephant (Zot:3)
  3 liches
  5 tentacled monstrosities
  25 Orb Guardians
  3 titans (Vaults:5)
  A quicksilver dragon (Vaults:5)
  An Executioner (Zot:2)
  3 death cobs
  5 sphinxes
  Agnes (D:15)
  Frances (D:13)
  8 storm dragons
  6 tengu reavers
  2 thorn hunters (Swamp:2)
  Roxanne (D:15)
  7 shadow dragons
  4 draconian knights
  2 draconian monks (Zot:1)
  5 fire giants (Vaults:5)
  5 nagarajas (Snake:4)
  6 frost giants
  An iron dragon (Vaults:5)
  A ghoul (Vaults:1)
  A balrug (Zot:4)
  4 draconian scorchers
  2 draconian zealots
  A draconian shifter (Zot:1)
  A draconian annihilator (Depths:5)
  15 ironheart preservers
  17 vault wardens
  An orc warlord (Orc:2)
  3 spriggan defenders (Depths:1)
  2 war gargoyles (Vaults:5)
  15 very ugly things
  13 stone giants
  The ghost of Patchouli the Protected, a journeyman GrFi of Okawaru (Snake:2)
  An entropy weaver (Vaults:4)
  4 yellow draconians
  3 black draconians
  Nessos (Lair:6)
  3 green draconians
  The ghost of AAAAA the Unseen, a journeyman OpWr of Ashenzari (Lair:6)
  5 deep elf annihilators
  2 vampire knights
  8 white draconians
  5 red draconians
  5 purple draconians
  7 mottled draconians
  3 spark wasps (Depths:3)
  4 large abominations (Vaults:5)
  A minotaur (Lab)
  8 ettins
  A deep elf death mage (Vaults:5)
  A green death (Zot:2)
  10 yaktaur captains
  3 great orbs of eyes
  4 fire dragons
  A deep elf high priest (Vaults:5)
  Erolcha (Orc:1)
  4 rakshasas
  16 hydras
  A hell beast (Zot:3)
  The ghost of octopushugs the Fighter, a novice OgBe of Trog (D:9)
  Fannar (Lair:3)
  22 naga warriors
  5 ice dragons
  A catoblepas (Lair:6)
  A ghost crab (Swamp:3)
  35 vault guards
  Erica (Lair:2)
  5 death knights
  16 anacondas
  6 centaur warriors
  10 alligators
  3 spriggan air magi
  15 ogre magi
  2 vampire magi
  A deep troll shaman (Depths:2)
  3 hell hogs
  6 tengu warriors
  8 orc high priests (Orc:2)
  10 naga sharpshooters
  2 sun demons
  3 deep troll earth magi
  7 shock serpents
  Nergalle (Lair:3)
  Sonja (Lair:2)
  3 soul eaters
  3 spriggan berserkers
  5 deep elf knights
  3 salamander mystics
  2 shadow wraiths (Vaults:5)
  A fire crab (shapeshifter) (Vaults:1)
  5 hell knights
  A small abomination (Vaults:5)
  21 skeletal warriors
  8 sea snakes (Snake:4)
  A death drake (Swamp:4)
  11 deep trolls
  2 unseen horrors (D:12)
  A deep elf archer (Vaults:2)
  3 flayed ghosts
  2 shambling mangroves
  3 glowing orange brains
  7 swamp dragons
  A harpy (shapeshifter) (Vaults:4)
  4 spectral hydras (Swamp:4)
  5 hill giants
  6 phantasmal warriors
  8 harpies
  17 ironbrand convokers
  7 naga ritualists
  5 lindwurms
  9 orc knights
  16 deep elf magi
  2 wizards
  A shadow dragon zombie (Vaults:3)
  5 necromancers (Vaults:3)
  A wolf spider zombie (D:14)
  17 mana vipers
  4 wolf spiders
  A cyclops (shapeshifter) (Vaults:5)
  7 orc sorcerers
  30 ugly things
  3 oklob plants
  A manticore (D:12)
  13 salamanders
  A moth of wrath (shapeshifter) (D:15)
  36 black mambas
  9 cyclopes
  8 guardian serpents
  8 moths of wrath
  3 elephants (Lair:6)
  19 naga magi
  A rust devil (Zot:2)
  16 vault sentinels
  4 gargoyles
  Psyche (D:8)
  A guardian serpent (shapeshifter) (Vaults:5)
  22 spiny frogs
  2 efreet
  4 swamp worm zombies (Swamp:4)
  A rime drake (shapeshifter) (Depths:1)
  2 kobold demonologists (Swamp:3)
  21 yaktaurs
  An ice devil (Zot:1)
  A rime drake (Lair:6)
  A komodo dragon (shapeshifter) (Vaults:1)
  4 freezing wraiths
  11 komodo dragons
  2 tengu conjurers
  A red devil (Zot:4)
  4 hydra zombies (Swamp:4)
  16 trolls
  4 polar bears
  A merfolk (shapeshifter) (Vaults:5)
  A polar bear (shapeshifter) (Vaults:1)
  A jumping spider (Vaults:4)
  A troll (shapeshifter) (Vaults:2)
  A two-headed ogre (shapeshifter) (Depths:2)
  Grinder (D:3)
  25 hornets
  Prince Ribbit (D:7)
  A harpy skeleton (D:14)
  28 two-headed ogres
  9 bog bodies
  2 spectral swamp dragons (Swamp:4)
  2 tyrant leeches
  2 hippogriffs (shapeshifter)
  31 slime creatures
  16 blink frogs
  16 dream sheep
  9 hippogriffs
  4 alligator zombies (Swamp:4)
  A vampire (D:10)
  3 air elementals (Depths:3)
  5 wraiths
  Sigmund (D:6)
  A redback (shapeshifter) (Vaults:5)
  26 spriggans
  A tarantella (shapeshifter) (Vaults:3)
  70 yaks
  A fire bat (shapeshifter) (Vaults:5)
  2 shadows
  7 wyverns
  4 basilisks
  20 vampire mosquitoes
  A chaos spawn (Zot:4)
  A steam dragon (D:13)
  4 hungry ghosts
  18 swamp worms
  A naga (shapeshifter) (Vaults:5)
  A deep troll zombie (Vaults:3)
  13 insubstantial wisps
  3 mottled dragons
  54 nagas
  8 wargs
  3 soldier ants (shapeshifter)
  2 hydra simulacra (Zot:3)
  33 orc warriors
  20 water moccasins
  8 swamp drakes
  6 hell hounds (Depths:1)
  2 black bears (shapeshifter)
  12 porcupines
  4 sky beasts
  A necrophage (D:9)
  9 phantoms
  7 ice beasts
  3 swamp dragon zombies (Swamp:4)
  2 eyes of draining
  A sky beast (shapeshifter) (Vaults:3)
  6 black bears
  7 boggarts
  24 wolves
  68 ogres
  An elf skeleton (Vaults:3)
  12 centaurs
  8 crocodiles
  7 big kobolds
  22 bullfrogs
  A wyvern zombie (D:14)
  A wyvern skeleton (D:7)
  A water moccasin zombie (D:7)
  4 scorpions
  A water moccasin skeleton (D:7)
  A human simulacrum (Vaults:2)
  21 killer bees
  5 wights (D:10)
  9 howler monkeys
  9 electric eels
  6 crimson imps
  7 centaur zombies
  7 hounds
  5 bullfrog zombies
  38 orc priests
  Crazy Yiuf (D:3)
  7 jellies
  21 orc wizards
  2 bullfrog skeletons
  5 centaur skeletons
  8 iguanas
  A spectral swamp drake (Swamp:4)
  15 worker ants
  A killer bee zombie (D:9)
  2 hound zombies
  2 hound skeletons
  17 mummies (Ossuary)
  A howler monkey zombie (Ossuary)
  5 worker ant zombies
  A swamp drake zombie (Swamp:4)
  16 gnolls
  11 adders
  4 river rats (D:8)
  2 shadow imps
  An ufetubus (Zot:2)
  4 adder zombies (Ossuary)
  2 adder skeletons
  3 worms
  A dart slug (D:3)
  5 leopard geckos
  127 orcs
  5 ball pythons
  4 giant cockroaches
  8 hobgoblins
  22 jackals
  4 quokkas
  18 bats
  A giant cockroach zombie (Ossuary)
  12 goblins
  A jackal skeleton (D:7)
  A jackal zombie (Ossuary)
  13 kobolds
  2 leopard gecko zombies (Ossuary)
  A quokka skeleton (D:5)
  3 quokka zombies
  18 rats
  7 briar patches (Swamp:2)
  A bush (Lair:6)
  6 fungi
  3 plants
2095 creatures vanquished.

Vanquished Creatures (others)
  A spark wasp (Depths:3)
  A centaur warrior (Vaults:1)
  An unseen horror (Vaults:1)
  A deep elf archer (Vaults:3)
  2 deep elf magi
  A phantasmal warrior (Swamp:4)
  A moth of wrath (Zot:5)
  A black mamba (Snake:4)
  2 yaktaurs
  A ynoxinul (Depths:3)
  A neqoxec (Depths:2)
  15 fungi
  2 plants
  2 withered plants (Ossuary)
32 creatures vanquished.

Grand Total: 2127 creatures vanquished

Notes
Turn   | Place    | Note
-------+----------+-------------------------------------------
     0 | D:1      | GordonOverkill the Hill Orc Fighter began the quest for the Orb.
     0 | D:1      | Reached XP level 1. HP: 19/19 MP: 1/1
   152 | D:1      | Reached XP level 2. HP: 23/26 MP: 2/2
   832 | D:2      | Found a shadowy altar of Dithmenos.
   847 | D:2      | Found a burning altar of Makhleb.
   852 | D:2      | Found a snail-covered altar of Cheibriados.
   869 | D:2      | Reached XP level 3. HP: 30/31 MP: 3/3
  1253 | D:2      | Found a sparkling altar of Nemelex Xobeh.
  1323 | D:2      | Reached skill level 5 in Axes
  1545 | D:3      | Found an iron altar of Okawaru.
  1555 | D:3      | Became a worshipper of Warmaster Okawaru
  1707 | D:3      | Noticed Grinder
  1711 | D:3      | Reached XP level 4. HP: 39/39 MP: 4/4
  1715 | D:3      | Paralysed by Grinder for 6 turns
  1724 | D:3      | Killed Grinder
  1724 | D:3      | Reached * piety under Okawaru
  1724 | D:3      | Reached XP level 5. HP: 14/45 MP: 5/5
  1724 | D:3      | Reached XP level 6. HP: 16/51 MP: 6/6
  1727 | D:3      | Found a faded altar of an unknown god.
  2094 | D:3      | Found a runed door.
  2216 | D:3      | Noticed Crazy Yiuf
  2227 | D:3      | Killed Crazy Yiuf
  2474 | D:4      | Reached ** piety under Okawaru
  2489 | D:4      | Reached XP level 7. HP: 45/57 MP: 7/7
  2652 | D:4      | Reached skill level 10 in Axes
  2803 | D:4      | Found a hide-covered altar of Uskayaw.
  2975 | D:4      | Found a sand-covered staircase.
  2982 | Ossuary  | Entered an ossuary
  3759 | Ossuary  | Reached XP level 8. HP: 37/64 MP: 8/8
  3979 | Ossuary  | Reached skill level 4 in Fighting
  4546 | D:4      | Found an ancient bone altar of Kikubaaqudgha.
  4565 | D:4      | Found a shimmering altar of Xom.
  4798 | D:4      | Found a white marble altar of Elyvilon.
  4859 | D:4      | Found a glowing golden altar of the Shining One.
  5120 | D:5      | Entered Level 5 of the Dungeon
  5131 | D:5      | Reached skill level 5 in Fighting
  5425 | D:5      | Found a shattered altar of Ashenzari.
  5432 | D:5      | Reached *** piety under Okawaru
  5597 | D:5      | Reached skill level 6 in Fighting
  5766 | D:5      | Reached XP level 9. HP: 46/78 MP: 9/9
  5770 | D:5      | Reached skill level 7 in Fighting
  6692 | D:6      | Reached **** piety under Okawaru
  6708 | D:6      | Reached skill level 8 in Fighting
  6719 | D:6      | Found a staircase to the Ecumenical Temple.
  6825 | D:6      | Found a sacrificial altar of Ru.
  6899 | D:6      | Noticed Sigmund
  6908 | D:6      | Killed Sigmund
  6908 | D:6      | Reached skill level 9 in Fighting
  7476 | D:7      | Noticed Prince Ribbit
  7477 | D:7      | Reached XP level 10. HP: 81/92 MP: 10/10
  7491 | D:7      | Reached skill level 10 in Fighting
  7948 | D:7      | Killed Prince Ribbit
  7948 | D:7      | Reached ***** piety under Okawaru
  8020 | D:7      | Reached skill level 15 in Axes
  8318 | D:7      | Received a gift from Okawaru
  8321 | D:7      | Got a faintly glowing cloak {god gift}
  8332 | D:7      | Identified the +0 cloak of the Seven Wonders {MR+ Int+2 Dex+3} (Okawaru gifted it to you on level 7 of the Dungeon)
  8778 | D:8      | Noticed Psyche
  8787 | D:8      | Reached skill level 11 in Fighting
  8792 | D:8      | Killed Psyche
  9519 | D:8      | Got a fine amber ring
  9526 | D:8      | Identified the ring of Wadaulot {*Drain rPois rF+ MR+ Int+3} (You found it on level 8 of the Dungeon)
  9740 | D:8      | Found a glowing silver altar of Zin.
  9740 | D:8      | Found a radiant altar of Vehumet.
  9740 | D:8      | Found a hazy altar of Hepliaklqana.
  9852 | D:8      | Found a glowing golden altar of the Shining One.
  9978 | D:8      | HP: 1/97 [electric eel/bolt of electricity (14)]
 10323 | D:8      | Found a staircase to the Lair.
 11008 | D:9      | Found a bloodstained altar of Trog.
 11379 | D:9      | Found a staircase to the Orcish Mines.
 11388 | D:9      | Reached skill level 12 in Fighting
 11388 | D:9      | Reached XP level 11. HP: 86/104 MP: 8/11
 12087 | D:9      | Received a gift from Okawaru
 12097 | D:9      | Noticed octopushugs's ghost (novice OgBe)
 12818 | D:9      | Reached skill level 1 in Invocations
 12883 | D:9      | Found Ibigruni's Assorted Antiques.
 12907 | D:9      | Noticed a tengu warrior
 12908 | D:9      | Noticed a tengu warrior
 12931 | D:9      | Killed a tengu warrior
 12931 | D:9      | Reached skill level 13 in Fighting
 12974 | D:9      | Killed a tengu warrior
 13472 | Lair:1   | Entered Level 1 of the Lair of Beasts
 13503 | Lair:1   | Found a labyrinth entrance.
 13520 | Lab      | Entered a labyrinth
 13946 | Lab      | Noticed a minotaur
 13956 | Lab      | Killed a minotaur
 13956 | Lab      | Reached skill level 5 in Invocations
 13959 | Lab      | Identified Sif Muna's Compendium of Flight and Displacement
 13961 | Lab      | Got a faintly humming ring mail
 13975 | Lab      | Identified the +1 ring mail "Cageymn" {Int+4} (You found it in a labyrinth)
 13988 | Lab      | Learned a level 1 spell: Animate Skeleton
 13992 | Lab      | Learned a level 3 spell: Regeneration
 14378 | Lair:1   | Reached XP level 12. HP: 99/115 MP: 16/16
 15498 | Lair:2   | Found a staircase to the Snake Pit.
 15528 | Lair:2   | Found a glowing golden altar of the Shining One.
 15562 | Lair:2   | Noticed Erica
 15572 | Lair:2   | Killed Erica
 15887 | Lair:2   | Noticed Sonja
 15897 | Lair:2   | Killed Sonja
 15897 | Lair:2   | Received a gift from Okawaru
 15900 | Lair:2   | Got a pair of faintly humming gloves {god gift}
 15931 | Lair:2   | Identified the +0 pair of gloves of Xiacradgh {*Contam rElec rN+++ MR+} (Okawaru gifted it to you on level 2 of the Lair of Beasts)
 16430 | Lair:3   | Noticed Nergalle
 16452 | Lair:3   | Killed Nergalle
 16452 | Lair:3   | Reached skill level 10 in Invocations
 16845 | Lair:3   | Found a snail-covered altar of Cheibriados.
 16972 | Lair:3   | Found a staircase to the Swamp.
 17232 | Lair:3   | Noticed Fannar
 17250 | Lair:3   | Killed Fannar
 17250 | Lair:3   | Reached XP level 13. HP: 25/122 MP: 19/21
 18341 | Lair:4   | Received a gift from Okawaru
 19044 | Lair:4   | Gained mutation: Your mind is acute. (Int +2) [potion of beneficial mutation]
 19882 | Lair:5   | Reached skill level 5 in Shields
 20737 | Lair:5   | Reached ****** piety under Okawaru
 20737 | Lair:5   | Received a gift from Okawaru
 20749 | Lair:5   | Got a pitted crystal plate armour {god gift}
 20818 | Lair:5   | Identified the +3 crystal plate armour of Recklessness {rElec rN+ MR++ Int-4} (Okawaru gifted it to you on level 5 of the Lair of Beasts)
 21342 | Lair:6   | Entered Level 6 of the Lair of Beasts
 21346 | Lair:6   | Noticed AAAAA's ghost (journeyman OpWr)
 21373 | Lair:6   | Killed AAAAA's ghost
 21677 | Lair:6   | Reached skill level 10 in Shields
 21695 | Lair:6   | Reached XP level 14. HP: 129/129 MP: 23/23
 21919 | Lair:6   | Found a viscous altar of Jiyva.
 21919 | Lair:6   | Found a staircase to the Slime Pits.
 22084 | Lair:6   | Received a gift from Okawaru
 22229 | Lair:6   | Reached skill level 5 in Armour
 22513 | Lair:6   | Noticed Nessos
 22540 | Lair:6   | Killed Nessos
 23297 | D:9      | Killed octopushugs's ghost
 23331 | D:10     | Entered Level 10 of the Dungeon
 24367 | D:11     | Got an ancient plate armour
 24374 | D:11     | Identified the cursed +0 plate armour "Kinollus" {+Inv rC+ Dex-4} (You found it on level 11 of the Dungeon)
 24836 | D:12     | Received a gift from Okawaru
 25008 | D:12     | Reached XP level 15. HP: 135/135 MP: 24/24
 25363 | D:12     | Found Xidgh's Antique Armour Boutique.
 25431 | D:12     | Received a gift from Okawaru
 25754 | Orc:1    | Entered Level 1 of the Orcish Mines
 25896 | Orc:2    | Entered Level 2 of the Orcish Mines
 25902 | Orc:1    | Noticed Erolcha
 25913 | Orc:1    | Killed Erolcha
 26083 | Orc:2    | Found a roughly hewn altar of Beogh.
 26083 | Orc:2    | Found a staircase to the Elven Halls.
 26410 | Orc:2    | Reached skill level 10 in Armour
 27192 | Orc:2    | Found Wikaerir's Antique Weapon Boutique.
 27192 | Orc:2    | Found Igobul's General Store.
 27231 | Orc:2    | Found a roughly hewn altar of Beogh.
 27250 | Orc:2    | Found Heykar's Magic Scroll Boutique.
 27250 | Orc:2    | Found Ruicheleva's General Store.
 27519 | Orc:2    | Received a gift from Okawaru
 27666 | Orc:1    | Noticed an orc warlord
 27673 | Orc:2    | Killed an orc warlord
 27864 | Orc:1    | Found Xaos's Assorted Antiques.
 28087 | Orc:2    | Bought a glowing broad axe for 340 gold pieces
 28476 | D:13     | Noticed Frances
 28486 | D:13     | Killed Frances
 28736 | D:13     | Received a gift from Okawaru
 28916 | D:13     | Found Wuvusom's Book Shoppe.
 28930 | D:13     | Reached skill level 15 in Shields
 29372 | D:13     | Reached XP level 16. HP: 128/143 MP: 22/25
 29381 | D:13     | Found a gate to the Vaults.
 29506 | D:14     | Received a gift from Okawaru
 30268 | D:15     | Entered Level 15 of the Dungeon
 30540 | D:15     | Noticed Roxanne
 30568 | D:15     | Killed Roxanne
 30569 | D:15     | Identified Roxanne's Papyrus of Clay (You took it off Roxanne on level 15 of the Dungeon)
 30771 | D:15     | Noticed Agnes
 30781 | D:15     | Killed Agnes
 30781 | D:15     | Received a gift from Okawaru
 31084 | D:15     | Found a staircase to the Depths.
 31087 | D:15     | Received a gift from Okawaru
 31581 | Swamp:1  | Entered Level 1 of the Swamp
 31708 | Swamp:1  | Reached skill level 15 in Armour
 32126 | Swamp:1  | Gained mutation: Your flesh is cold resistant. (rC+) [potion of beneficial mutation]
 32280 | Swamp:2  | Noticed a thorn hunter
 32595 | Swamp:2  | Killed a thorn hunter
 32708 | Swamp:2  | Noticed a thorn hunter
 32720 | Swamp:2  | Killed a thorn hunter
 33047 | Swamp:2  | Received a gift from Okawaru
 33363 | Swamp:2  | Reached skill level 1 in Dodging
 33410 | Swamp:2  | Reached XP level 17. HP: 138/149 MP: 26/26
 33802 | Swamp:3  | Noticed Mara
 33818 | Swamp:3  | Noticed GordonOverkill's illusion
 33872 | Swamp:3  | Noticed GordonOverkill's illusion
 33927 | Swamp:3  | Noticed GordonOverkill's illusion
 33952 | Swamp:3  | Noticed GordonOverkill's illusion
 33961 | Swamp:3  | Killed Mara
 33961 | Swamp:3  | Reached skill level 5 in Dodging
 35103 | Swamp:4  | Entered Level 4 of the Swamp
 35447 | Swamp:4  | Noticed Nikola
 35473 | Swamp:4  | Killed Nikola
 35664 | Swamp:4  | Received a gift from Okawaru
 35740 | Swamp:4  | Noticed a bone dragon
 35779 | Swamp:4  | Killed a bone dragon
 36673 | Swamp:4  | Received a gift from Okawaru
 37029 | Swamp:4  | Got a decaying rune of Zot
 37535 | Snake:1  | Entered Level 1 of the Snake Pit
 37558 | Snake:1  | Received a gift from Okawaru
 37685 | Snake:1  | Reached skill level 10 in Dodging
 37685 | Snake:1  | Reached XP level 18. HP: 130/155 MP: 21/27
 38087 | Snake:1  | Reached skill level 1 in Necromancy
 38425 | Snake:1  | Learned a level 2 spell: Blink
 38428 | Snake:1  | Learned a level 2 spell: Repel Missiles
 38717 | Snake:2  | Received a gift from Okawaru
 38899 | Snake:2  | Got a faintly glowing hat {god gift}
 38915 | Snake:2  | Identified the +0 hat of Spite {rN++ Dex-5} (Okawaru gifted it to you on level 2 of the Snake Pit)
 38941 | Snake:2  | Noticed Patchouli's ghost (journeyman GrFi)
 38967 | Snake:2  | Killed Patchouli's ghost
 39069 | Snake:2  | Reached skill level 14 in Fighting
 39387 | Snake:2  | Reached skill level 5 in Necromancy
 39485 | Snake:2  | Found Junon's Distillery.
 39486 | Snake:2  | Found Hutiamev's Jewellery Shoppe.
 39486 | Snake:2  | Found Isileq's Book Emporium.
 39489 | Snake:2  | Found Dokiu's General Store.
 39500 | Snake:2  | Bought an uncursed amulet of regeneration for 510 gold pieces
 39641 | Snake:2  | Found a shimmering altar of Xom.
 40246 | Snake:3  | Received a gift from Okawaru
 40246 | Snake:3  | Reached skill level 15 in Fighting
 40535 | Snake:4  | Entered Level 4 of the Snake Pit
 40771 | Snake:4  | Reached XP level 19. HP: 151/168 MP: 28/28
 41145 | Snake:4  | Received a gift from Okawaru
 41357 | Snake:4  | Got a serpentine rune of Zot
 41465 | Snake:4  | Found Cuaprik's Distillery.
 41477 | Snake:4  | Bought a potion of beneficial mutation for 490 gold pieces
 41477 | Snake:4  | Bought a potion of haste for 140 gold pieces
 41477 | Snake:4  | Gained mutation: Your muscles are strong. (Str +2) [potion of beneficial mutation]
 42149 | Vaults:1 | Entered Level 1 of the Vaults
 42297 | Vaults:1 | Reached skill level 16 in Fighting
 42639 | Vaults:1 | Received a gift from Okawaru
 42747 | Vaults:1 | Reached skill level 17 in Fighting
 42842 | Vaults:1 | Reached XP level 20. HP: 182/182 MP: 29/29
 42900 | Vaults:1 | Received a gift from Okawaru
 43047 | Vaults:1 | Received a gift from Okawaru
 43077 | Vaults:1 | Reached skill level 18 in Fighting
 43311 | Vaults:1 | Got a shimmering chain mail
 43690 | Vaults:2 | Found Vicsev's Armour Shoppe.
 43767 | Vaults:2 | Reached skill level 19 in Fighting
 43793 | Vaults:2 | Found Jouqif's Book Shoppe.
 43898 | Vaults:2 | Noticed Bai Suzhen
 43922 | Vaults:2 | Killed Bai Suzhen
 43939 | Vaults:2 | Found Myupt's Magic Scroll Shop.
 43949 | Vaults:2 | Bought a scroll of blinking for 150 gold pieces
 44072 | Vaults:2 | Found Liawkar's Antique Weapon Shop.
 44373 | Vaults:2 | Reached skill level 20 in Fighting
 44428 | Vaults:2 | Received a gift from Okawaru
 44600 | Vaults:2 | Found Ippao's Jewellery Shoppe.
 44881 | Vaults:3 | Noticed Margery
 44894 | Vaults:3 | Killed Margery
 45015 | Vaults:3 | Found a staircase to the Crypt.
 45079 | Vaults:3 | Reached XP level 21. HP: 201/201 MP: 30/30
 45093 | Vaults:3 | Reached skill level 21 in Fighting
 45165 | Vaults:3 | Noticed Jorgrun
 45183 | Vaults:3 | Killed Jorgrun
 45257 | Vaults:3 | Received a gift from Okawaru
 45265 | Vaults:3 | Got a steaming plate armour {god gift}
 45276 | Vaults:3 | Identified the +6 plate armour of Divine Compulsion {MR+} (Okawaru gifted it to you on level 3 of the Vaults)
 45303 | Vaults:3 | Identified the cursed +0 chain mail of Rejiredu {Int+3 SInv} (You found it on level 1 of the Vaults)
 46178 | Vaults:4 | Reached skill level 22 in Fighting
 46937 | Vaults:4 | Found Wuhedd's Book Emporium.
 47031 | Vaults:5 | Entered Level 5 of the Vaults
 47043 | Vaults:4 | Received a gift from Okawaru
 47048 | Vaults:4 | Reached skill level 23 in Fighting
 47107 | Vaults:5 | Received a gift from Okawaru
 47111 | Vaults:5 | Reached XP level 22. HP: 220/220 MP: 27/31
 47166 | Vaults:5 | Reached skill level 24 in Fighting
 47280 | Vaults:5 | Got a polished hat {god gift}
 47291 | Vaults:5 | Identified the +0 hat of the Ancient Ships {rN++ Int-3 Dex+4 Stlth+} (Okawaru gifted it to you on level 5 of the Vaults)
 47314 | Vaults:5 | Gained mutation: You expend magic power (3 MP) to strengthen your wands. [a shining eye]
 47479 | Vaults:5 | Got a silver rune of Zot
 47499 | Vaults:5 | Reached skill level 25 in Fighting
 47623 | Vaults:5 | Received a gift from Okawaru
 47729 | Vaults:5 | Got a smoking bronze ring
 47784 | Vaults:5 | Reached skill level 26 in Fighting
 47808 | Vaults:5 | Identified the ring of the Heavens {Wiz Int+5} (You took it off a yaktaur captain on level 5 of the Vaults)
 47880 | Vaults:5 | Identified the Guide on Ghastly Transformation
 47912 | Vaults:5 | Noticed a golden dragon
 47931 | Vaults:5 | Killed a golden dragon
 47931 | Vaults:5 | Received a gift from Okawaru
 47936 | Vaults:5 | Got a brightly glowing plate armour {god gift}
 47965 | Vaults:5 | Identified the +1 plate armour "Bocolug" {SInv} (Okawaru gifted it to you on level 5 of the Vaults)
 48091 | Vaults:5 | Reached XP level 23. HP: 236/236 MP: 32/32
 48401 | Vaults:5 | Noticed a shard shrike
 48401 | Vaults:5 | an acid blob changed into a shard shrike
 48407 | Vaults:5 | Noticed a juggernaut
 48407 | Vaults:5 | a shard shrike changed into a juggernaut
 48418 | Vaults:5 | Noticed a shard shrike
 48418 | Vaults:5 | a juggernaut changed into a shard shrike
 48420 | Vaults:5 | a shard shrike changed into a hellephant
 48425 | Vaults:5 | Noticed a juggernaut
 48425 | Vaults:5 | a hellephant changed into a juggernaut
 48430 | Vaults:5 | a juggernaut changed into a titan
 48433 | Vaults:5 | Noticed a golden dragon
 48433 | Vaults:5 | a titan changed into a golden dragon
 48436 | Vaults:5 | Noticed a caustic shrike
 48436 | Vaults:5 | a golden dragon changed into a caustic shrike
 48437 | Vaults:5 | a caustic shrike changed into an acid blob
 48441 | Vaults:5 | Noticed a caustic shrike
 48441 | Vaults:5 | an acid blob changed into a caustic shrike
 48447 | Vaults:5 | Killed a caustic shrike
 48681 | Vaults:5 | Got a transparent granite ring
 48707 | Vaults:5 | Identified the Papyrus of Stones and Fire
 48974 | Vaults:4 | Reached skill level 27 in Fighting
 49303 | Lair:1   | Identified the ring of Nesolo {rN+ MR+ Str-4 Stlth+} (You took it off an ironbrand convoker on level 5 of the Vaults)
 49569 | Depths:1 | Entered Level 1 of the Depths
 49569 | Depths:1 | Found a one-way gate to the infinite horrors of the Abyss.
 49798 | Depths:1 | Found a gateway to Hell.
 49861 | Depths:1 | Noticed the Enchantress
 49898 | Depths:1 | Received a gift from Okawaru
 49906 | Depths:1 | Killed the Enchantress
 50190 | Depths:2 | Noticed Sojobo
 50214 | Depths:2 | Killed Sojobo
 50484 | Depths:2 | Received a gift from Okawaru
 50545 | Depths:3 | Noticed Xtahua
 50556 | Depths:3 | Killed Xtahua
 50942 | Depths:3 | Reached XP level 24. HP: 107/247 MP: 27/32
 51481 | Depths:5 | Entered Level 5 of the Depths
 51625 | Depths:5 | Found a gate to the Realm of Zot.
 51690 | Zot:1    | Entered Level 1 of the Realm of Zot
 51809 | Zot:1    | Received a gift from Okawaru
 51858 | Zot:1    | HP: 11/249 [white draconian monk/chilling blast (13)]
 52344 | Zot:3    | Noticed a shard shrike
 52525 | Zot:3    | Noticed a curse toe
 52536 | Zot:3    | Killed a curse toe
 53070 | Zot:3    | Killed a shard shrike
 53235 | Zot:4    | Received a gift from Okawaru
 53303 | Zot:5    | Entered Level 5 of the Realm of Zot
 53514 | Zot:5    | Noticed an ancient lich
 53528 | Zot:5    | Killed an ancient lich
 53528 | Zot:5    | Reached XP level 25. HP: 257/257 MP: 26/32
 53744 | Zot:5    | Noticed an orb of fire
 53744 | Zot:5    | Noticed an orb of fire
 53744 | Zot:5    | Lost mutation: Your mind is acute. (Int +2) [an orb of fire]
 53751 | Zot:5    | Gained mutation: Your body sometimes deteriorates upon taking damage. [an orb of fire]
 53758 | Zot:5    | Gained mutation: You are frail. (-10% HP) [an orb of fire]
 53773 | Zot:5    | Gained mutation: Your spells are a little easier to cast, but a little less powerful. [an orb of fire]
 53779 | Zot:5    | Killed an orb of fire
 53805 | Zot:5    | Gained mutation: Your body often deteriorates upon taking damage. [an orb of fire]
 53809 | Zot:5    | Killed an orb of fire
 53815 | Zot:5    | Lost mutation: Your spells are a little easier to cast, but a little less powerful. [potion of cure mutation]
 53815 | Zot:5    | Lost mutation: Your flesh is cold resistant. (rC+) [potion of cure mutation]
 53815 | Zot:5    | Lost mutation: Your muscles are strong. (Str +2) [potion of cure mutation]
 53815 | Zot:5    | Lost mutation: Your body often deteriorates upon taking damage. [potion of cure mutation]
 53815 | Zot:5    | Lost mutation: Your body sometimes deteriorates upon taking damage. [potion of cure mutation]
 53935 | Zot:5    | Received a gift from Okawaru
 54068 | Zot:5    | Noticed an orb of fire
 54099 | Zot:5    | Killed an orb of fire
 54256 | Zot:5    | Noticed an orb of fire
 54261 | Zot:5    | Gained mutation: You are weak. (Str -2) [an orb of fire]
 54265 | Zot:5    | Noticed a Killer Klown
 54268 | Zot:5    | Noticed an orb of fire
 54271 | Zot:5    | Gained mutation: Armour fits poorly on your strangely shaped body. [an orb of fire]
 54281 | Zot:5    | Gained mutation: Scrolls take you a little longer to read. [an orb of fire]
 54290 | Zot:5    | Killed an orb of fire
 54292 | Zot:5    | Gained mutation: Scrolls take you longer to read. [an orb of fire]
 54294 | Zot:5    | Gained mutation: Scrolls take you much longer to read. [an orb of fire]
 54308 | Zot:5    | Gained mutation: Your magical capacity is low. (-10% MP) [an orb of fire]
 54312 | Zot:5    | Gained mutation: You are dopey. (Int -2) [an orb of fire]
 54315 | Zot:5    | Killed an orb of fire
 54319 | Zot:5    | Killed a Killer Klown
 54349 | Zot:5    | Noticed an orb of fire
 54358 | Zot:5    | Gained mutation: You are very frail. (-20% HP) [an orb of fire]
 54376 | Zot:5    | Killed an orb of fire
 54377 | Zot:5    | Lost mutation: Scrolls take you much longer to read. [potion of cure mutation]
 54377 | Zot:5    | Lost mutation: Armour fits poorly on your strangely shaped body. [potion of cure mutation]
 54377 | Zot:5    | Lost mutation: You are very frail. (-20% HP) [potion of cure mutation]
 54377 | Zot:5    | Lost mutation: You are frail. (-10% HP) [potion of cure mutation]
 54377 | Zot:5    | Lost mutation: Scrolls take you longer to read. [potion of cure mutation]
 54408 | Zot:5    | Received a gift from Okawaru
 54551 | Zot:5    | Got the Orb of Zot
 54558 | Zot:5    | Noticed a seraph
 54612 | Zot:5    | Noticed an orb of fire
 54679 | Zot:4    | Noticed Zonim Mey the pandemonium lord
 54873 | Zot:4    | Reached XP level 26. HP: 238/266 MP: 28/28
 55089 | Zot:2    | Noticed a seraph
 55184 | Zot:2    | Received a gift from Okawaru
 55364 | Depths:3 | Noticed Ofupid the pandemonium lord
 55366 | Depths:3 | Paralysed by a floating eye for 2 turns
 55374 | Depths:3 | Paralysed by a floating eye for 3 turns
 55381 | Depths:3 | Paralysed by a floating eye for 3 turns
 55416 | Depths:2 | HP: 4/266 [ice dragon/blast of cold (27)]
 55422 | Depths:2 | Killed from afar by a hellion

Skill      XL: |  1  2  3  4  5  6  7  8  9 10 11 12 13 14 15 16 17 18 19 20 21 22 23 24 25 26 |
---------------+-------------------------------------------------------------------------------+-----
Axes           | 3 4 5 8 9 11 12 14 16 17 19 20 | 20.0
Fighting       | 6 9 12 13 15 17 20 23 26 27 | 27.0
Invocations    | 6 11 12 | 12.2
Shields        | 10 13 15 17 20 23 24 | 24.5
Armour         | 8 12 16 19 20 | 20.1
Dodging        | 1 10 11 | 11.0
Necromancy     | 6 |  6.6

Action                   |  1- 3 |  4- 6 |  7- 9 | 10-12 | 13-15 | 16-18 | 19-21 | 22-24 | 25-27 || total
-------------------------+-------+-------+-------+-------+-------+-------+-------+-------+-------++-------
Melee: War axe           |   124 |    67 |   458 |   500 |       |       |       |       |       ||  1149
       Battleaxe         |       |       |       |   281 |    40 |       |       |       |       ||   321
       Punch             |       |       |       |     2 |       |       |       |       |       ||     2
       Broad axe         |       |       |       |       |  1141 |  1642 |  1333 |  1674 |   635 ||  6425
       Scimitar          |       |       |       |       |    26 |    96 |       |       |       ||   122
Throw: Throwing net      |     1 |       |       |     1 |       |       |       |       |       ||     2
Invok: Heroism           |       |     1 |     3 |    15 |    10 |     7 |     7 |     5 |     6 ||    54
       Finesse           |       |       |       |     4 |     1 |     6 |     6 |     5 |     9 ||    31
 Abil: Evoke Flight      |       |       |     3 |       |     1 |       |       |       |       ||     4
Evoke: Wand              |       |       |       |     1 |     5 |     4 |       |    12 |     6 ||    28
  Use: Potion            |     1 |       |     1 |     5 |     3 |     8 |     1 |     3 |     6 ||    28
       Scroll            |       |       |    21 |    11 |    12 |    10 |     4 |    24 |     6 ||    88
 Stab: Distracted        |       |       |     1 |     1 |       |       |       |       |       ||     2
       Petrified         |       |       |       |       |     4 |       |       |       |       ||     4
       Petrifying        |       |       |       |       |     2 |       |       |       |       ||     2
       Confused          |       |       |       |       |       |       |       |     4 |       ||     4
  Eat: Chunk             |     3 |     2 |     9 |    27 |    37 |    21 |    20 |    11 |       ||   130
       Pizza             |       |       |     2 |     4 |     1 |     4 |     4 |     5 |       ||    20
       Meat ration       |       |       |     1 |       |       |       |       |       |       ||     1
       Beef jerky        |       |       |       |     1 |     1 |     2 |     1 |     1 |       ||     6
       Fruit             |       |       |       |     5 |     3 |     6 |     3 |       |       ||    17
       Royal jelly       |       |       |       |       |       |     2 |     2 |       |       ||     4
Armor: Scale mail        |    69 |    49 |   160 |       |       |       |       |       |       ||   278
       Plate armour      |       |       |    14 |   396 |    59 |       |       |       |       ||   469
       Crystal plate arm |       |       |       |       |   444 |   830 |   515 |   546 |       ||  2335
       Fire dragon scale |       |       |       |       |       |       |       |   211 |   150 ||   361
Dodge: Dodged            |    90 |    26 |   169 |   181 |   148 |   251 |   260 |   406 |   120 ||  1651
Block: Shield            |       |       |       |       |   551 |    95 |   640 |   642 |       ||  1928
       Large shield      |       |       |       |       |       |  1457 |   216 |   593 |   446 ||  2712
       Reflection        |       |       |       |       |       |       |    57 |    20 |       ||    77
       Rpst.: Scimitar   |       |       |       |       |       |     3 |       |       |       ||     3
